 Dungeon Crawl Stone Soup version 0.18.1-1-g2f07953 (webtiles) character file.

4482 imoen the Martial Artist (level 10, -9/60 HPs)
             Began as a Vine Stalker Monk on May 6, 2016.
             Was a Believer of Cheibriados.
             Mangled by Maud
             ... wielding a +5 long sword of freezing
              (22 damage)
             ... on level 10 of the Dungeon.
             The game lasted 00:48:29 (3064 turns).

imoen the Martial Artist (Vine Stalker Monk)        Turns: 3064, Time: 00:48:30

Health: -9/60      AC: 12    Str: 22    XL:     10   Next: 38%
Magic:  0/13       EV:  9    Int: 15    God:    Cheibriados [**....]
Gold:   391        SH:  0    Dex: 22    Spells: 0 memorised, 9 levels left

rFire  . . .     SeeInvis .       - Unarmed
rCold  . . .     Gourm    .     n - +0 chain mail
rNeg   . . .     Faith    .     (no shield)
rPois  .         Spirit   +     (no helmet)
rElec  .         Dismiss  .     h - +1 cloak
rCorr  .         Reflect  .     p - +0 pair of gloves
SustAt +         Harm     .     o - +0 pair of boots
MR     ++...                    F - amulet of regeneration
Stlth  ..........               r - ring of protection from magic
                                d - ring of sustain attributes

@: very slow, very resistant to hostile enchantments, extremely unstealthy
A: fangs 3, blink, regeneration 2, robust 1, magic shield, antimagic bite, no
device heal 3, rot immunity
a: Blink, Bend Time, Renounce Religion


You were on level 10 of the Dungeon.
You worshipped Cheibriados.
Cheibriados was pleased with you.
You were not hungry.

You visited 2 branches of the dungeon, and saw 11 of its levels.

You collected 391 gold pieces.

Inventory:

Missiles
 m - 5 tomahawks (quivered)
 t - 23 poisoned needles
Armour
 h - a +1 cloak (worn)
   (You found it on level 2 of the Dungeon)
 n - a +0 chain mail (worn)
   (You took it off an orc on level 4 of the Dungeon)
 o - a +0 pair of boots (worn)
   (You found it on level 4 of the Dungeon)
 p - a +0 pair of gloves (worn)
   (You found it on level 9 of the Dungeon)
Jewellery
 d - a ring of sustain attributes (left hand)
   (You found it on level 2 of the Dungeon)
 r - a ring of protection from magic (right hand)
   (You found it on level 6 of the Dungeon)
 F - an amulet of regeneration (around neck)
   (You found it on level 7 of the Dungeon)
Wands
 v - a wand of enslavement (1/24)
   (You found it on level 5 of the Dungeon)
 w - a wand of paralysis (12/24)
   (You took it off a gnoll on level 5 of the Dungeon)
 z - a wand of paralysis (10/24)
   (You found it on level 6 of the Dungeon)
 A - a wand of digging (13/24)
   (You found it on level 6 of the Dungeon)
Scrolls
 a - a scroll of enchant armour {unknown}
 e - 2 scrolls of random uselessness {unknown}
 k - 2 scrolls of amnesia {unknown}
 l - 2 scrolls of blinking {unknown}
 s - a scroll of teleportation
 x - 3 scrolls of remove curse {unknown}
 B - a scroll of magic mapping
 C - 2 scrolls of fog
Potions
 c - a potion of berserk rage {unknown}
 i - 3 potions of brilliance {unknown}
 j - 2 potions of flight {unknown}
 u - 3 potions of curing {unknown}
 D - a potion of degeneration {unknown}
 E - a potion of magic {unknown}
 G - a potion of cancellation {unknown}
 H - a potion of haste {unknown}
Comestibles
 b - 2 bread rations
 f - 3 meat rations
 q - 2 beef jerkies


   Skills:
 - Level 7.6 Fighting
 - Level 2.4 Dodging
 - Level 2.4 Stealth
 - Level 12.2 Unarmed Combat
 + Level 3.3 Invocations
 - Level 2.3 Evocations


You had 9 spell levels left.
You didn't know any spells.

Dungeon Overview and Level Annotations

Branches:
Dungeon (10/15)            Temple (1/1) D:5            Lair (0/8) D:9
    Orc: D:9-12

Altars:
Ashenzari
Cheibriados
Gozag
Nemelex Xobeh
Okawaru
Ru
Trog
Vehumet
Xom
Yredelemnul
Zin
The Shining One

Shops:
D:6 *   D:8 (

Annotations:
D:10 Maud


Innate Abilities, Weirdness & Mutations

You have razor-sharp teeth.
You heal very quickly.
When hurt, damage is shared between your health and your magic reserves.
Your bite disrupts and absorbs the magic of your enemies.
Potions and wands cannot restore your health.
You are immune to rotting.
You can translocate small distances at will.
You are robust (+10% HP).


Message History

Health restored: 60 The bat barely misses you.
The bat hits you but does no damage. The bat closely misses you.
The bat barely misses you. The bat barely misses you.
Things that are here:
a stone; a crocodile skeleton; an adder skeleton Unknown command.
The bat hits you but does no damage.
Things that are here:
2 arrows; 5 stones The bat hits you but does no damage.
Items here: (( ))) [ รทรท The bat barely misses you.
The bat hits you but does no damage.
There is a stone staircase leading down here.
The bat hits you but does no damage.
You climb downwards.
Level annotation: Maud Maud hits you with a long sword of freezing.
Maud freezes you.
There is a stone staircase leading up, spattered with blood here.
You take 5 damage, and have 55/60 hp.
You now have 11/13 mp.
Unknown command.
The flow of time bends around you.
Cheibriados rebukes Maud.
Maud seems to slow down.
You feel slightly more hungry. Maud hits you but does no damage.
All of the chunks of flesh in your inventory have rotted away.
You now have 8/13 mp.
Unknown command.
You punch Maud! You bite Maud. You drain her power.
You feel invigorated.
You hit Maud. Your punch misses Maud. You bite Maud, but do no damage.
You hit Maud but do no damage. Your bite misses Maud. Maud barely misses you.
You hit Maud. You completely miss Maud. You bite Maud. You drain her power.
You feel invigorated.
Health restored: 60; MP restored: 13 You hit Maud but do no damage.
You bite Maud. You drain her power. Maud hits you but does no damage.
You punch Maud! You punch Maud. You bite Maud. You drain her power.
You hit Maud. You bite Maud! You drain her power.
Maud is no longer moving slowly.
Maud hits you with a long sword of freezing.
Maud freezes you.
You take 7 damage, and have 53/60 hp.
You now have 12/13 mp.
You hit Maud. You bite Maud, but do no damage. You barely miss Maud.
Your punch misses Maud. Your bite misses Maud.
Maud hits you with a long sword of freezing!
Maud freezes you.
* * * LOW HITPOINT WARNING * * *
You take 13 damage, and have 41/60 hp.
MASSIVE DAMAGE!!
You now have 9/13 mp.
The flow of time bends around you.
Cheibriados rebukes Maud.
Maud seems to slow down.
You feel slightly more hungry. Maud hits you but does no damage.
You now have 6/13 mp.
Unknown command.
You hit Maud. You bite Maud. You drain her power.
You feel invigorated.
MP restored: 13 You hit Maud.
You bite Maud, but do no damage.
Maud hits you with a long sword of freezing!
* * * LOW HITPOINT WARNING * * *
Maud freezes you.
* * * LOW HITPOINT WARNING * * *
You take 10 damage, and have 33/60 hp.
You now have 11/13 mp.
You hit Maud but do no damage. You punch Maud. You bite Maud, but do no damage.
You hit Maud. Your bite misses Maud.
Unknown command.
You hit Maud but do no damage. You bite Maud, but do no damage.
Maud barely misses you.
You closely miss Maud. You bite Maud, but do no damage.
You hit Maud but do no damage. You bite Maud, but do no damage.
Maud hits you with a long sword of freezing!
* * * LOW HITPOINT WARNING * * *
Maud freezes you.
* * * LOW HITPOINT WARNING * * *
You take 9 damage, and have 27/60 hp.
You now have 9/13 mp.
You hit Maud. You bite Maud, but do no damage. You closely miss Maud.
Your bite misses Maud.
Maud hits you with a long sword of freezing!!
* * * LOW HITPOINT WARNING * * *
Maud freezes you.
* * * LOW HITPOINT WARNING * * *
You take 16 damage, and have 12/60 hp.
MASSIVE DAMAGE!!
You now have 3/13 mp.
Unknown command.
Okay, then.
You hit Maud. You bite Maud, but do no damage.
Unknown command.
Read which item? (? for menu, Esc to quit)
Okay, then.
Drink which item? (? for menu, Esc to quit)
Okay, then.
You punch Maud! Your bite misses Maud.
Maud hits you with a long sword of freezing!!
You die...

........#
........#
........#######.#.
..............%...
.........#.######
......##.#.....#
####..##.#...#.#
#........@.#
#...##.#..@# ...
#........#
........###
..#......#
..##...?.# #.###.#
#. #.# . #.#


You could see Maud.

Vanquished Creatures
  A two-headed ogre (D:9)
  A wyvern (D:8)
  Grum (D:9)
  A hungry ghost (D:8)
  A steam dragon (D:10)
  Menkaure (D:7)
  2 orc warriors
  A sky beast (D:5)
  3 ice beasts
  3 ogres
  A phantom (D:9)
  3 wolves (D:9)
  8 centaurs
  2 crocodiles (D:9)
  A big kobold (D:9)
  2 giant frogs
  2 scorpions
  9 wights
  4 howler monkeys (D:9)
  A centaur zombie (D:9)
  A crimson imp (D:9)
  2 quasits
  A centaur skeleton (D:9)
  A giant frog skeleton (D:9)
  3 hounds
  8 orc wizards
  A jelly (D:9)
  A gnoll shaman (D:5)
  3 worker ants
  A hound skeleton (D:6)
  A howler monkey zombie (D:8)
  12 adders
  3 gnolls (D:5)
  A river rat (D:9)
  A shadow imp (D:5)
  An adder zombie (D:7)
  2 adder skeletons (D:8)
  2 worms
  3 giant geckos
  20 orcs
  A goblin (D:3)
  A hobgoblin (D:2)
  A jackal (D:2)
  3 kobolds (D:9)
  A quokka (D:5)
  A bat (D:9)
  3 giant newts
  8 rats
135 creatures vanquished.

Vanquished Creatures (collateral kills)
  An orc (D:9)
  A bat (D:9)
  A rat (D:9)
3 creatures vanquished.

Vanquished Creatures (others)
  A river rat (D:9)
1 creature vanquished.

Grand Total: 139 creatures vanquished

Notes
Turn   | Place    | Note
--------------------------------------------------------------
     0 | D:1      | imoen the Vine Stalker Monk began the quest for the Orb.
     0 | D:1      | Reached XP level 1. HP: 11/11 MP: 2/2
   205 | D:3      | Noticed an orc wizard
   307 | D:2      | Reached XP level 2. HP: 8/16 MP: 3/3
   436 | D:3      | Reached skill level 5 in Unarmed Combat
   436 | D:3      | Reached XP level 3. HP: 12/19 MP: 4/4
   529 | D:4      | Reached XP level 4. HP: 23/23 MP: 5/5
   544 | D:4      | Reached skill level 6 in Unarmed Combat
   544 | D:4      | Reached XP level 5. HP: 25/27 MP: 6/6
   576 | D:5      | Entered Level 5 of the Dungeon
  1047 | D:5      | Noticed a sky beast
  1065 | D:5      | Killed a sky beast
  1065 | D:5      | Reached skill level 7 in Unarmed Combat
  1065 | D:5      | Gained mutation: You heal very quickly. [Vine Stalker growth]
  1065 | D:5      | Reached XP level 6. HP: 32/32 MP: 7/7
  1070 | D:5      | Gained mutation: You are robust (+10% HP). [mutagenic meat]
  1071 | D:5      | Gained mutation: You can translocate small distances at will. [mutagenic meat]
  1121 | D:5      | Found a staircase to the Ecumenical Temple.
  1126 | Temple   | Entered the Ecumenical Temple
  1225 | D:5      | Noticed an ice beast
  1236 | D:5      | Killed an ice beast
  1243 | D:5      | Reached skill level 8 in Unarmed Combat
  1255 | D:5      | Reached XP level 7. HP: 30/38 MP: 8/8
  1450 | D:6      | Reached skill level 9 in Unarmed Combat
  1485 | D:6      | Found Afeg's General Store.
  1509 | D:6      | Found a glowing golden altar of the Shining One.
  1662 | D:6      | Found a sparkling altar of Nemelex Xobeh.
  1723 | D:7      | Gained mutation: You have razor-sharp teeth. [Vine Stalker growth]
  1723 | D:7      | Reached XP level 8. HP: 41/42 MP: 9/9
  1825 | D:7      | Reached skill level 3 in Fighting
  1850 | D:7      | Reached skill level 4 in Fighting
  1896 | D:7      | Reached skill level 5 in Fighting
  1927 | D:7      | Noticed Menkaure
  1932 | D:7      | Killed Menkaure
  2085 | D:8      | Reached skill level 6 in Fighting
  2216 | D:8      | Reached XP level 9. HP: 53/53 MP: 10/10
  2247 | D:8      | Reached skill level 7 in Fighting
  2268 | D:8      | HP: 19/82 [something (3)]
  2454 | D:8      | Reached skill level 10 in Unarmed Combat
  2479 | D:8      | Found Nefadea's Weapon Emporium.
  2580 | D:9      | Reached skill level 11 in Unarmed Combat
  2654 | D:9      | Noticed Grum
  2684 | D:9      | HP: 19/82 [Grum/glaive (7)]
  2687 | D:9      | HP: 8/82 [Grum/glaive (9)]
  2691 | D:9      | HP: 3/82 [centaur/arrow (4)]
  2693 | D:9      | Reached XP level 10. HP: 4/60 MP: 6/11
  2695 | D:9      | Reached skill level 12 in Unarmed Combat
  2702 | D:10     | Entered Level 10 of the Dungeon
  2702 | D:10     | Noticed Maud
  2703 | D:10     | HP: 9/60 [worker ant (1)]
  2709 | D:10     | HP: 9/60 [poisoned by a worker ant]
  2714 | D:10     | HP: 10/60 [poisoned by a worker ant]
  2720 | D:10     | HP: 13/60 [poisoned by a worker ant]
  2753 | D:10     | HP: 14/60 [steam dragon] (3)]
  2819 | D:9      | Reached skill level 1 in Evocations
  2836 | D:9      | Found a radiant altar of Vehumet.
  2836 | D:9      | Found a bloodstained altar of Trog.
  2836 | D:9      | Found a snail-covered altar of Cheibriados.
  2843 | D:9      | Became a worshipper of Cheibriados the Contemplative
  2843 | D:9      | Reached * piety under Cheibriados
  2843 | D:9      | Reached ** piety under Cheibriados
  2856 | D:9      | Killed Grum
  2856 | D:9      | Reached skill level 2 in Evocations
  2978 | D:9      | Reached skill level 1 in Invocations
  2988 | D:9      | Reached skill level 2 in Invocations
  3002 | D:9      | Reached skill level 3 in Invocations
  3010 | D:9      | Found a staircase to the Lair.
  3062 | D:10     | HP: 12/60 [Maud/long sword of freezing (4)]
  3064 | D:10     | Mangled by Maud

Skill      XL: |  1  2  3  4  5  6  7  8  9 10 |
---------------+-------------------------------+-----
Unarmed Combat | 5 6 7 8 9 11 12 | 12.2
Fighting       | 6 7 |  7.6
Evocations     | 2 |  2.3
Invocations    | 3 |  3.3
Dodging        | |  2.4
Stealth        | |  2.4

Action                   |  1- 3 |  4- 6 |  7- 9 | 10-12 || total
-------------------------+-------+-------+-------+-------++-------
Melee: Unarmed           |    59 |   102 |   294 |   103 ||   558
       Bite              |    21 |    31 |    87 |    48 ||   187
       Punch             |     3 |     3 |    13 |     8 ||    27
Throw: Tomahawk          |       |     1 |       |       ||     1
Invok: Bend Time         |       |       |       |     3 ||     3
 Abil: Evoke Berserk Rag |       |     1 |     5 |       ||     6
       Blink             |       |       |       |     1 ||     1
Evoke: Wand              |       |       |       |     6 ||     6
  Use: Scroll            |       |       |       |     7 ||     7
 Stab: Sleeping          |     2 |       |       |       ||     2
       Paralysed         |       |       |       |     1 ||     1
  Eat: Chunk             |       |     4 |     3 |     2 ||     9
       Pizza             |       |       |     1 |       ||     1
       Bread ration      |       |       |     1 |       ||     1
Armor: Robe              |     3 |       |       |       ||     3
       Chain mail        |     1 |    51 |   195 |    86 ||   333
Dodge: Dodged            |    25 |    33 |   153 |    52 ||   263

Vault maps used:
D:1:      ncdulo_smallfort
D:2:      marbit_many_paths, serial_bayou, serial_bayou_pond_b,
          serial_bayou_crossing, serial_bayou_lagoon_b, serial_bayou_shore_b,
          uniq_robin
D:3:      kennysheep_the_goblin_king, uniq_natasha, uniq_purgy
D:4:      serial_forest, infiniplex_forest_clump_small,
          infiniplex_forest_lined_room_2, infiniplex_forest_clump_large,
          infiniplex_forest_diagonal, infiniplex_forest_clump_small,
          infiniplex_forest_clump_tiny, infiniplex_forest_clump_diagonal,
          infiniplex_forest_3_way
D:5:      fedhas_altar_fruit_tree, temple_statues, first_bread, st_stairs_13
D:6:      nicolae_overflow_hidden_temple, serial_shops, shop_statue,
          minivault_14, tso_metal_star, uniq_sigmund
D:7:      minmay_splitting_lines, uniq_menkaure
D:8:      cheibrodos_stairvault_heist, serial_shops, shop
D:9:      gammafunk_temple_overflow_forgotten, grunt_lair_entry_orc_guard_hut,
          uniq_grum
D:10:     serial_shops, shop, blue_anna_alchemist, uniq_maurice, uniq_maud
Temple:   water_room_temple_a_12

Table legend:
 A = Turns spent in this place as a percentage of turns spent in the entire game.
 B = Non-inter-level travel turns spent in this place as a percentage of non-inter-level travel turns spent in the entire game.
 C = Inter-level travel turns spent in this place as a percentage of turns spent in this place.
 D = Turns resting spent in this place as a percentage of non-inter-level travel turns spent in this place.
 E = Turns spent auto-exploring this place as a percentage of non-inter-level travel turns spent in this place.
 F = Non-inter-level travel turns spent in this place divided by the number of levels of this place that you've seen.
                   A       B       C       D       E      F
               +-------+-------+-------+-------+-------+----------------------
         Total | 100.0 | 100.0 |   0.9 |   0.0 |   0.0 | 222.0
       Dungeon |  99.4 |  99.4 |   0.9 |   0.0 |   0.0 | 242.7
        Temple |   0.6 |   0.6 |   6.2 |   0.0 |   0.0 |  15.0
               +-------+-------+-------+-------+-------+----------------------

Table legend:
 A = Kills in this place as a percentage of kills in entire the game.
 B = Kills by you in this place as a percentage of kills by you in the entire game.
 C = Kills by friends in this place as a percentage of kills by friends in the entire game.
 D = Other kills in this place as a percentage of other kills in the entire game.
 E = Experience gained in this place as a percentage of experience gained in the entire game.
 F = Experience gained in this place divided by the number of levels of this place that you have seen.
                   A       B       C       D       E      F
               +-------+-------+-------+-------+-------+----------------------
         Total | 100.0 | 100.0 | 100.0 | 100.0 | 100.0 | 582.1
       Dungeon | 100.0 | 100.0 | 100.0 | 100.0 | 100.0 | 640.3
               +-------+-------+-------+-------+-------+----------------------
